 Dungeon Crawl Stone Soup version 0.30.0-5-g1a98f26d00 (webtiles) character file.

Game seed: 18003345403365587705

282 Anandil the Slasher (level 6, -1/48 HPs)
             Began as a Demonspawn Gladiator on May 10, 2023.
             Slain by a killer bee (4 damage)
             ... on level 4 of the Dungeon.
             The game lasted 00:06:11 (3589 turns).

Anandil the Slasher (Demonspawn Gladiator)          Turns: 3589, Time: 00:06:13

Health: -1/48      AC: 10    Str: 17    XL:     6   Next: 6%
Magic:  6/6        EV: 11    Int:  9    God:
Gold:   174        SH:  0    Dex: 14    Spells: 5/5 levels left

rFire   + . .        s - +2 dagger (venom)
rCold   + . .        (no shield)
rNeg    . . .        o - +0 scale mail
rPois   .            k - +0 helmet
rElec   .            (no cloak)
rCorr   .            l - +2 pair of gloves
SInv    .            (no boots)
Will    .....        (no amulet) Stlth
                     j - ring of protection from fire
HPRegen 2.28/turn    v - ring of protection from cold
MPRegen 0.10/turn

%: no passive effects
@: lethally poisoned (-1 -> -16)
A: powered by death 1, sturdy frame 1
a: no special abilities


You were on level 4 of the Dungeon.
You visited 1 branch of the dungeon, and saw 4 of its levels.

You collected 174 gold pieces.

Inventory:

Hand Weapons
 a - a +0 long sword
 s - a +2 dagger of venom (weapon)
Missiles
 d - 3 throwing nets (quivered)
 e - a javelin
Armour
 b - a +0 leather armour
 c - a +0 helmet
 i - a +0 plate armour
 k - a +0 helmet (worn)
 l - a +2 pair of gloves (worn)
 o - a +0 scale mail (worn)
Jewellery
 j - a ring of protection from fire (left hand)
 v - a ring of protection from cold (right hand)
Wands
 f - a wand of flame (13)
 u - a wand of polymorph (5)
 w - a wand of iceblast (13)
Scrolls
 g - 3 scrolls of magic mapping
 h - a scroll of noise
 r - a scroll of immolation
 y - a scroll of identify
Potions
 m - a potion of heal wounds
 n - a potion of magic {unknown}
 p - a potion of ambrosia {unknown}
 q - a potion of berserk rage {unknown}
 t - a potion of brilliance {unknown}
 x - a potion of cancellation {unknown}
 z - a potion of might {unknown}


   Skills:
 + Level 4.0 Fighting
 + Level 4.2 Long Blades
 - Level 1.7 Throwing
 + Level 2.5 Armour
 - Level 3.1 Dodging


You had 5 spell levels left.
You didn't know any spells.
Your spell library was empty.

Dungeon Overview and Level Annotations

Branches:
Dungeon (4/15)
 Temple: D:4-7

Altars:
Cheibriados
Kikubaaqudgha

Annotations:
D:3 2 runed translucent doors, GreenGuy14's ghost, amateur TeRe


Innate Abilities, Weirdness & Mutations

You regenerate a little health from kills.
Your movements are slightly less encumbered by armour. (ER -2)


Message History

You feel very sick. The killer bee stings you.
You are more poisoned.
The killer bee poisons you!
The killer bee stings you but does no damage. x3
The killer bee misses you.
The killer bee stings you but does no damage.
You hit the killer bee.
You kill the killer bee!
You feel very sick.
You kill the killer bee!
The killer bee barely misses you. The killer bee stings you.
You are more poisoned.
The killer bee poisons you!
The killer bee stings you but does no damage. x3
The killer bee barely misses you.
Your Fighting skill increases to level 4!
Your Long Blades skill increases to level 4!
You have reached level 6!
Unknown command.
You barely miss the killer bee.
You feel very sick. The killer bee stings you.
You are more poisoned.
The killer bee poisons you! The killer bee stings you.
The killer bee closely misses you. The killer bee barely misses you.
Unknown command.
You closely miss the killer bee.
You feel very sick. The killer bee stings you.
* * * LOW HITPOINT WARNING * * *
You are lethally poisoned!
The killer bee poisons you!
The killer bee stings you but does no damage.
The killer bee stings you.
* * * LOW HITPOINT WARNING * * *
You are more poisoned.
The killer bee poisons you! The killer bee misses you.
The killer bee stings you.
You die...

.≈≈≈≈≈≈≈≈≈...##
.
.....≈.....≈..##
.
...≈.≈.≈≈≈.≈..#
...≈.≈.._≈.≈..#
...≈.≈≈≈≈≈.≈..#
...≈.......≈..#
#..≈≈≈≈≈≈≈≈≈..#
#......yyy..##
##....y@####
#...##### #...
#..y ..y ..


y You could see 4 killer bees.

Vanquished Creatures
  2 killer bees (D:4)
  An iron imp (D:3)
  An orc wizard (D:3)
  Robin (D:3)
  3 gnolls (D:3)
  2 adders
  2 worms (D:2)
  A dart slug (D:1)
  8 orcs
  8 endoplasms
  3 giant cockroaches
  18 goblins
  2 hobgoblins
  2 jackals (D:2)
  4 kobolds
  A quokka (D:2)
  3 ball pythons
  3 bats
  3 frilled lizards
  7 rats
75 creatures vanquished.

Notes
Turn   | Place    | Note
-------+----------+-------------------------------------------
     0 | D:1      | Anandil the Demonspawn Gladiator began the quest for the
                  | Orb.
     0 | D:1      | Reached XP level 1. HP: 16/16 MP: 1/1
     0 | D:1      | Noticed a minotaur zombie
     1 | D:1      | Noticed a demonspawn zombie
    10 | D:1      | Noticed a demonspawn zombie
    18 | D:1      | Noticed a demonspawn zombie
    20 | D:1      | Noticed a demonspawn zombie
   452 | D:1      | Gained mutation: You regenerate a little health from kills.
                  | [demonic ancestry]
   452 | D:1      | Reached XP level 2. HP: 22/22 MP: 2/2
  1329 | D:2      | Reached XP level 3. HP: 28/28 MP: 3/3
  1789 | D:3      | Found a large runed translucent door.
  1790 | D:3      | Found a large runed translucent door.
  1793 | D:3      | Noticed GreenGuy14's ghost (amateur TeRe)
  2107 | D:3      | Reached skill level 1 in Armour
  2202 | D:3      | Reached XP level 4. HP: 34/34 MP: 4/4
  2604 | D:3      | Found a snail-covered altar of Cheibriados.
  2679 | D:3      | Noticed Robin
  2848 | D:2      | Gained mutation: Your movements are slightly less
                  | encumbered by armour. (ER -2) [demonic ancestry]
  2848 | D:2      | Reached XP level 5. HP: 29/41 MP: 5/5
  2892 | D:3      | Killed Robin
  3383 | D:4      | Noticed an ogre
  3563 | D:4      | Found an ancient bone altar of Kikubaaqudgha.
  3588 | D:4      | Reached XP level 6. HP: 26/48 MP: 6/6
  3589 | D:4      | Slain by a killer bee

Illustrated notes

Levels and vault maps discovered:
D:1:      shiori_arrival_whats_in_store_for_you, layout_basic,
          minmay_tetromino_i2
D:2:      layout_rooms, nicolae_underground_beach
D:3:      minmay_skewed_foursquare, layout_basic, slow_altar_1,
          ebering_ghost_disaster_area, uniq_robin
D:4:      layout_cave_pods, mainiacjoe_overflow_catwalk_spiral, serial_shops,
          shop

Skill      XL: |  1  2  3  4  5 |
---------------+----------------+-----
Long Blades    | 3 4 |  4.2
Dodging        | 3 |  3.1
Armour         | 1 2 |  2.5
Fighting       | 3 4 |  4.0
Throwing       | |  1.7

Action                     |  1- 3 |  4- 6 || total
---------------------------+-------+-------++-------
  Melee: Long sword        |   112 |   106 ||   218
         Punch             |     1 |     1 ||     2
         Dagger            |       |    10 ||    10
  Throw: Throwing net      |       |     1 ||     1
    Use: Scroll            |       |     5 ||     5
         Potion            |       |     2 ||     2
 Armour: Leather armour    |    13 |       ||    13
         Scale mail        |    28 |   138 ||   166
  Dodge: Dodged            |    68 |   117 ||   185
